 Dungeon Crawl Stone Soup version 0.19-b1-3-g7dea586 (webtiles) character file.

529 Ladykiller69 the Slasher (level 7, -5/54 HPs)
             Began as a Formicid Fighter on Oct 29, 2016.
             Slain by an ice beast (11 damage)
             ... on level 4 of the Dungeon.
             The game lasted 00:08:00 (3700 turns).

Ladykiller69 the Slasher (Formicid Fighter)         Turns: 3700, Time: 00:08:01

Health: -5/54      AC: 11    Str: 22    XL:     7   Next: 48%
Magic:  7/7        EV:  6    Int:  8    God:
Gold:   212        SH: 10    Dex: 10    Spells: 0 memorised, 6 levels left

rFire  . . .     SeeInvis +     a - +0 long sword
rCold  . . .     Gourm    .     g - +0 chain mail (curse)
rNeg   . . .     Faith    .     c - +0 shield
rPois  .         Spirit   .     (helmet unavailable)
rElec  .         Reflect  .     n - +0 cloak
rCorr  .         Harm     .     p - +0 pair of gloves
MR     .....                    (no boots)
Stlth  ..........               (no amulet)
                                (no ring)
                                (no ring)

@: no status effects
A: permanent stasis, dig shafts and tunnels, four strong arms, antennae 3
a: Dig, Shaft Self


You were on level 4 of the Dungeon.
You were hungry.

You visited 1 branch of the dungeon, and saw 6 of its levels.

You collected 212 gold pieces.

Inventory:

Hand Weapons
 a - a +0 long sword (weapon)
 q - a +5 flail of crushing
Missiles
 e - 129 stones (quivered)
Armour
 b - a +0 scale mail
 c - a +0 shield (worn)
 g - a cursed +0 chain mail (worn)
 n - a +0 cloak (worn)
 p - a +0 pair of gloves (worn)
Jewellery
 o - an uncursed ring of wizardry {unknown}
Scrolls
 i - 5 scrolls of identify {unknown}
 j - 3 scrolls of fog {unknown}
 k - a scroll of amnesia {unknown}
 m - a scroll of remove curse {unknown}
 r - a scroll of fear {unknown}
 u - a scroll of random uselessness {unknown}
 v - a scroll of enchant armour {unknown}
Potions
 d - 3 potions of might
 x - a potion of haste {unknown}
 z - a potion of cancellation {unknown}
Books
 t - a book of Dreams

   Spells                             Type                      Level
   a - Ensorcelled Hibernation        Hexes/Ice                    2
   b - Silence                        Hexes/Air                    5
   c - Darkness                       Hexes                        6
   d - Shadow Creatures               Summoning                    6
Comestibles
 f - 3 bread rations
 h - 3 fruits
 l - a meat ration


   Skills:
 - Level 4.0 Fighting
 * Level 5.9 Long Blades
 - Level 4.0 Armour
 + Level 5.9 Shields


You had 6 spell levels left.
You didn't know any spells.

Dungeon Overview and Level Annotations

Branches:
Dungeon (6/15)
 Temple: D:4-7

Altars:
Elyvilon
Gozag
Kikubaaqudgha
Ru
Sif Muna
Trog
Xom
Zin


Innate Abilities, Weirdness & Mutations

You are under a permanent stasis effect.
You can dig through walls and to a lower floor.
Your four strong arms can wield two-handed weapons with a shield.
You have a pair of large antennae on your head. (SInv)


Message History

The ice beast hits you but does no damage.
You closely miss the ice beast.
The ice beast is heavily wounded.
The ice beast hits you.
* * * LOW HITPOINT WARNING * * *
The ice beast freezes you!
* * * LOW HITPOINT WARNING * * *
Okay, then.
You slash the ice beast!
The ice beast is almost dead.
The ice beast hits you but does no damage. x2
Your chain mail prevents you from hitting the ice beast.
The ice beast is almost dead.
You block the ice beast's attack.
You hit the ice beast but do no damage.
The ice beast is almost dead.
The ice beast hits you.
* * * LOW HITPOINT WARNING * * *
The ice beast freezes you!
You die...

.........# ######.##
#.# #######.##
#...........###.# #.#
#.#......#....).#####
#.#
#.######.#...))......
#.# ##.# #
#.########## ... ..#
#.# #.# #r### #.# #.#
#.#Y####.#.# #.#
#{{#@......#
#.###.##.### #o## %#
#..o .. !.. .## #.##
## ###.# ##o#)#
#.#{o#


You could see an ice beast.

Vanquished Creatures
  A sky beast (D:6)
  A phantom (D:4)
  A scorpion (D:4)
  A hound (D:4)
  2 orc wizards (D:4)
  An orc priest (D:4)
  Robin (D:4)
  3 adders
  3 gnolls (D:4)
  An ooze (D:2)
  An adder zombie (D:3)
  A worm (D:4)
  2 dart slugs
  3 leopard geckos
  10 orcs (D:4)
  4 giant cockroaches
  19 goblins
  10 hobgoblins
  A jackal (D:4)
  3 quokkas
  4 ball pythons
  7 bats
  7 frilled lizards
  A jackal skeleton (D:6)
  5 kobolds
  A quokka skeleton (D:4)
  11 rats
105 creatures vanquished.

Notes
Turn   | Place    | Note
-------+----------+-------------------------------------------
     0 | D:1      | Ladykiller69 the Formicid Fighter began the quest for the Orb.
     0 | D:1      | Reached XP level 1. HP: 18/18 MP: 1/1
   180 | D:1      | Reached XP level 2. HP: 24/24 MP: 2/2
   533 | D:1      | Reached XP level 3. HP: 29/29 MP: 3/3
  1124 | D:2      | Reached XP level 4. HP: 34/35 MP: 4/4
  1903 | D:3      | Found an ancient bone altar of Kikubaaqudgha.
  1905 | D:3      | Found an opulent altar of Gozag.
  1906 | D:3      | Found a shimmering altar of Xom.
  1906 | D:3      | Found a glowing silver altar of Zin.
  1906 | D:3      | Found a white marble altar of Elyvilon.
  1915 | D:3      | Found a deep blue altar of Sif Muna.
  1916 | D:3      | Found a sacrificial altar of Ru.
  1918 | D:3      | Found a bloodstained altar of Trog.
  2688 | D:4      | Reached XP level 5. HP: 41/42 MP: 5/5
  3056 | D:4      | Reached XP level 6. HP: 35/48 MP: 6/6
  3091 | D:4      | Noticed Robin
  3143 | D:4      | Killed Robin
  3230 | D:4      | Noticed a phantom
  3259 | D:4      | Killed a phantom
  3259 | D:4      | Reached skill level 5 in Long Blades
  3259 | D:4      | Reached skill level 5 in Shields
  3381 | D:4      | Reached XP level 7. HP: 48/54 MP: 7/7
  3398 | D:4      | You fall through a shaft!
  3398 | D:5      | Entered Level 5 of the Dungeon
  3401 | D:5      | You fall through a shaft!
  3402 | D:6      | HP: 1/54 [poisoned by an orc wizard]
  3700 | D:4      | Slain by an ice beast

Skill      XL: |  1  2  3  4  5  6 |
---------------+-------------------+-----
Long Blades    | 3 4 5 |  5.9
Shields        | 4 5 |  5.9
Armour         | 4 |  4.0
Fighting       | 4 |  4.0

Action                   |  1- 3 |  4- 6 |  7- 9 || total
-------------------------+-------+-------+-------++-------
Melee: Long sword        |    92 |   278 |    40 ||   410
 Abil: Dig               |       |     3 |     3 ||     6
       Shaft Self        |       |       |     2 ||     2
  Use: Potion            |       |       |     2 ||     2
  Eat: Chunk             |     1 |     8 |       ||     9
       Fruit             |       |       |     2 ||     2
Armor: Chain mail        |    54 |   157 |    32 ||   243
       Scale mail        |     4 |       |       ||     4
Dodge: Dodged            |    21 |    56 |    12 ||    89
Block: Shield            |    51 |   150 |    21 ||   222
       Rpst.: Long sword |     4 |    16 |     6 ||    26
